Map: Frost LE

Players

JFP

  • Race: Protoss Protoss
  • League: Silver

Nickos - Winner!

  • Race: Terran Terran
  • League: Gold

VOD

Have the link to the VOD?

Description

Time

  • Played on: Sept. 2, 2016, 6:33 a.m.
  • Length: 9:08
Show
View Real Time Build Order
Export as new Build Order

JFP Protoss 

Build Orders:  

Get SALT Encoding   

  12  0:03  Probe (Chrono Boost)  
  13  0:21  Pylon  
  13  0:26  Probe (Chrono Boost)  
  14  0:43  Gateway  
  14  0:45  Assimilator  
  14  0:46  Probe (Chrono Boost)  
  16  0:57  Probe (Chrono Boost)  
  16  1:08  Probe (Chrono Boost)  
  17  1:19  Probe (Chrono Boost)  
  18  1:29  Probe (Chrono Boost)  
  19  1:33  Pylon  
  19  1:40  Cybernetics Core  
  19  1:52  Nexus  
  19  1:54  Probe (Chrono Boost)  
  20  2:05  Probe (Chrono Boost)  
  21  2:18  Warp Gate  
  21  2:36  Gateway x2  
  21  2:39  Mothership Core (Chrono Boost)  
  23  2:47  Pylon  
  23  3:00  Robotics Facility  
  23  3:11  Probe (Chrono Boost)  
  23  3:12  Probe (Chrono Boost)  
  24  3:27  Probe x2 (Chrono Boost)  
  26  3:34  Pylon  
  26  3:38  Probe x2 (Chrono Boost)  
  26  3:41  Assimilator  
  28  3:45  Stalker  
  28  3:46  Immortal  
  35  3:55  Probe (Chrono Boost)  
  35  4:00  Assimilator  
  35  4:11  Gateway  
  35  4:24  Immortal  
  39  4:35  Gateway  
  39  4:36  Gateway  
  39  4:43  Stalker  
  41  4:56  Gateway  
  41  5:00  Warp Prism  
  43  5:12  Stalker x2  
  47  5:22  Probe (Chrono Boost)  
  47  5:23  Probe (Chrono Boost)  
  49  5:47  Probe (Chrono Boost)  
  49  5:48  Probe (Chrono Boost)  
  51  5:58  Adept x5  
  61  6:08  Pylon  
  61  6:09  Pylon  
  61  6:11  Pylon  
  61  6:18  Gateway  
  61  6:31  Adept x4  
  69  7:05  Adept x3  
  69  7:06  Adept x3  
  33  7:30  Adept x5  
  33  7:31  Adept  
  45  7:42  Pylon  
  45  7:47  Adept  
  47  7:58  Adept x2  
  47  7:59  Adept x2  
  49  8:24  Adept  
  49  8:25  Adept x4  
  30  8:49  Adept x2  
  30  8:50  Adept  
Show
View Real Time Build Order
Export as new Build Order

Nickos Terran - Winner!

Build Orders: MMM Bio 

Get SALT Encoding   

  12  0:01  SCV  
  13  0:13  SCV  
  14  0:17  Supply Depot  
  14  0:25  SCV  
  15  0:38  SCV  
  16  0:44  Barracks  
  16  0:51  SCV  
  17  1:03  SCV  
  18  1:15  SCV  
  19  1:23  Command Center  
  19  1:30  Orbital Command  
  19  1:34  Marine  
  20  1:42  Supply Depot  
  20  1:52  Marine  
  21  1:59  SCV  
  21  2:00  Barracks  
  22  2:10  Marine  
  22  2:12  SCV  
  24  2:16  Barracks  
  24  2:24  SCV  
  25  2:34  Marine  
  25  2:36  SCV  
  27  2:38  Refinery  
  27  2:39  Refinery  
  27  2:41  Orbital Command  
  27  2:49  Marine  
  27  2:50  SCV  
  29  2:52  Marine  
  29  2:55  Supply Depot  
  30  3:02  SCV  
  31  3:08  SCV  
  31  3:12  Barracks Tech Lab  
  32  3:15  SCV  
  32  3:20  Barracks Reactor, SCV  
  34  3:27  SCV  
  34  3:28  Barracks Reactor  
  34  3:29  Barracks  
  34  3:32  SCV  
  34  3:33  Supply Depot, Marine  
  36  3:39  SCV  
  37  3:46  Stimpack  
  37  3:51  Marine  
  37  3:53  Barracks  
  38  3:56  Supply Depot  
  38  3:57  SCV x2  
  38  3:58  Supply Depot  
  38  4:01  Marine x2  
  42  4:09  SCV x2, Marine x2  
  46  4:10  Marine  
  47  4:19  Marine  
  47  4:20  Barracks Reactor  
  47  4:21  SCV x2  
  50  4:28  Factory  
  50  4:33  SCV x2  
  50  4:35  Marine  
  50  4:36  Marine x3  
  56  4:41  Barracks Reactor  
  57  4:45  Supply Depot, SCV x2  
  57  4:50  Marine  
  57  4:51  Supply Depot  
  59  4:57  SCV  
  59  4:58  SCV  
  59  4:59  Marine x5  
  65  5:00  Marine  
  67  5:07  Supply Depot  
  67  5:09  SCV  
  67  5:10  SCV  
  67  5:11  Factory Reactor  
  67  5:13  Supply Depot  
  69  5:15  Starport  
  69  5:19  Marine  
  69  5:20  Marine x2  
  72  5:22  SCV x2  
  72  5:24  Marine x2  
  72  5:25  Marine  
  72  5:27  Marine  
  78  5:29  Marine  
  78  5:34  SCV x2  
  78  5:35  Marine  
  82  5:37  Marine x2  
  82  5:39  Marine  
  85  5:44  Supply Depot  
  85  5:45  Marine  
  85  5:46  Marine x3  
  85  5:47  Combat Shields  
  85  5:48  SCV x2  
  91  5:54  Marine x2  
  91  5:55  Marine  
  94  6:01  SCV x2  
  94  6:02  Supply Depot, Marine x2  
  94  6:03  Marine x2  
  100  6:06  Medivac  
  100  6:07  Medivac  
  104  6:13  SCV x2  
  106  6:22  Command Center  
  106  6:25  SCV x2  
  108  6:35  Marine x5  
  108  6:36  Marine x2  
  108  6:37  SCV x2  
  117  6:41  Supply Depot  
  117  6:45  Engineering Bay  
  117  6:49  Engineering Bay, SCV  
  118  6:54  Marine  
  118  6:55  Marine x5  
  118  6:56  Marine  
  125  7:02  Command Center  
  125  7:04  Marine x2  
  125  7:05  Medivac  
  129  7:12  Marine  
  120  7:19  Marine  
  120  7:20  Marine x5  
  120  7:21  Medivac  
  111  7:26  Marine x2  
  107  7:30  Marine  
  107  7:35  Medivac  
  110  7:37  Marine x2  
  110  7:38  Marine  
  110  7:39  Marine x3  
  116  7:44  Marine x2  
  116  7:48  Marine  
  67  7:51  Medivac  
  119  7:55  Marine x3  
  119  7:57  Marine  
  125  8:01  Supply Depot  
  125  8:04  Supply Depot  
  125  8:05  Medivac  
  123  8:06  Marine  
  123  8:07  Marine x4  
  128  8:13  Marine x3  
  128  8:14  Marine  
  130  8:24  Marine x3  
  130  8:25  Marine x2  
  131  8:31  Marine x3  
  131  8:32  Marine  
  135  8:34  Medivac  
  135  8:35  Medivac  
  135  8:37  Supply Depot  
  139  8:42  Marine  
Tags
 
Composition
MMM Bio
Matchup
PvT
Replay Pack
Nickos replay
Add a new tag
Caveats
  • Supply blocks, unpowered buildings, or Contaminate may cause inaccurate times.
  • Supply counts are checked every 10 seconds.